Map: [TLMC15] Hardwire

Players

Solar

  • Race: Zerg Zerg

Dark - Winner!

  • Race: Zerg Zerg

Event: DreamHack SC2 Masters Last Chance 2022

VOD

Have the link to the VOD?

Description

Time

  • Played on: Jan. 13, 2022, 9:37 a.m.
  • Length: 11:15

All games in this series

Show
View Real Time Build Order
Export as new Build Order

Solar Zerg 

Build Orders: Hatch First 

Get SALT Encoding   

  12  0:00  Drone  
  13  0:12  Overlord  
  13  0:17  Drone  
  14  0:31  Drone x2  
  16  0:47  Hatchery  
  15  0:50  Drone  
  15  0:54  Drone  
  17  0:57  Drone  
  18  1:04  Extractor  
  17  1:13  Spawning Pool  
  17  1:16  Drone  
  17  1:19  Drone  
  18  1:28  Drone  
  19  1:44  Drone  
  20  1:55  Drone  
  20  2:01  Queen x2  
  21  2:02  Zergling x2  
  21  2:03  Overlord  
  26  2:10  Drone  
  26  2:11  Drone  
  26  2:12  Metabolic Boost  
  28  2:23  Drone x2  
  30  2:33  Hatchery  
  30  2:36  Zergling x2  
  30  2:39  Drone  
  30  2:42  Drone  
  32  2:49  Baneling Nest  
  31  2:52  Overlord  
  31  2:55  Drone x2  
  34  3:05  Drone x2  
  35  3:13  Queen  
  35  3:15  Zergling x4  
  35  3:16  Drone x2  
  35  3:18  Drone  
  42  3:23  Evolution Chamber  
  42  3:24  Zergling x2  
  42  3:26  Overlord  
  42  3:31  Drone  
  43  3:38  Baneling  
  43  3:40  Drone  
  44  3:45  Drone x5, Zergling x2  
  44  3:46  Drone  
  51  3:55  Overlord  
  51  3:57  Drone  
  51  3:59  Drone  
  53  4:03  Zerg Missile Weapons Level 1  
  53  4:06  Roach Warren  
  53  4:07  Drone x2  
  53  4:11  Baneling  
  53  4:12  Zergling x6  
  53  4:14  Zergling x2  
  53  4:16  Drone  
  53  4:17  Drone  
  59  4:20  Zergling x4  
  59  4:22  Overlord  
  63  4:24  Zergling x4  
  63  4:29  Extractor  
  63  4:30  Extractor  
  61  4:32  Lair  
  61  4:33  Drone x2  
  61  4:34  Drone  
  61  4:36  Drone x2  
  66  4:41  Baneling, Overlord  
  66  4:42  Drone  
  68  4:45  Drone x3  
  68  4:47  Drone  
  68  4:49  Overlord  
  68  4:51  Drone  
  71  4:54  Drone x2  
  71  4:55  Drone  
  71  4:59  Overlord  
  74  5:01  Overlord  
  74  5:06  Drone x3, Extractor  
  75  5:07  Extractor  
  75  5:08  Drone  
  75  5:11  Overlord  
  75  5:18  Drone x4  
  79  5:22  Drone  
  79  5:23  Extractor  
  79  5:24  Overlord  
  79  5:30  Baneling x2  
  79  5:31  Roach x4  
  79  5:32  Roach x2  
  79  5:34  Overlord  
  79  5:35  Overseer  
  91  5:39  Nydus Network  
  91  5:40  Roach  
  91  5:41  Overseer  
  89  5:44  Roach x2  
  89  5:48  Roach  
  89  5:49  Roach  
  96  5:52  Overlord  
  85  5:57  Queen  
  85  6:03  Ravager  
  84  6:04  Roach x2  
  84  6:07  Roach  
  84  6:09  Roach  
  88  6:12  Queen  
  88  6:14  Roach  
  91  6:19  Zergling x6  
  91  6:22  Nydus Canal  
  91  6:23  Roach  
  96  6:26  Roach  
  96  6:29  Queen  
  100  6:33  Roach x2  
  100  6:35  Glial Reconstitution  
  104  6:41  Spore Crawler x2  
  104  6:43  Queen  
  104  6:46  Spore Crawler  
  103  6:52  Roach  
  99  6:56  Nydus Canal  
  99  6:57  Roach x2  
  99  6:58  Roach  
  101  7:03  Roach  
  101  7:05  Queen  
  99  7:08  Roach  
  99  7:12  Roach  
  97  7:17  Spore Crawler x2  
  97  7:19  Spore Crawler  
  97  7:20  Spore Crawler  
  87  7:24  Spore Crawler  
  87  7:26  Queen  
  87  7:28  Roach  
  84  7:31  Roach  
  84  7:33  Roach  
  84  7:38  Roach  
  84  7:40  Roach  
  84  7:41  Roach  
  90  7:45  Roach  
  90  7:48  Queen  
  94  7:54  Roach x2  
  98  8:00  Queen  
  98  8:04  Spore Crawler  
  98  8:05  Roach  
  101  8:08  Queen  
  101  8:23  Queen, Nydus Canal  
  101  8:25  Roach x2  
  101  8:26  Spore Crawler  
  102  8:35  Roach x3  
  102  8:37  Roach  
  114  8:48  Roach  
  114  8:49  Roach  
  114  8:53  Roach  
  116  8:56  Roach  
  116  9:01  Roach x2  
  120  9:03  Roach  
  120  9:09  Roach  
  122  9:12  Roach x2  
  122  9:14  Overlord  
  122  9:15  Overlord  
  124  9:22  Overlord  
  124  9:26  Overlord  
  124  9:34  Roach x2  
  124  9:37  Roach  
  128  9:38  Ravager  
  128  9:39  Ravager x4  
  128  9:43  Queen  
  135  9:52  Roach x2  
  139  9:54  Queen  
  134  10:00  Roach  
  129  10:07  Roach x2  
  130  10:14  Roach  
  130  10:16  Ravager  
  129  10:26  Queen  
  119  10:29  Roach  
  119  10:33  Roach  
  100  10:38  Queen  
  100  10:41  Roach  
  92  10:48  Roach x2  
Show
View Real Time Build Order
Export as new Build Order

Dark Zerg - Winner!

Build Orders: Hatch First 

Get SALT Encoding   

  12  0:00  Drone  
  13  0:12  Overlord  
  13  0:17  Drone  
  14  0:30  Drone  
  14  0:31  Drone  
  16  0:48  Hatchery  
  15  0:51  Drone  
  15  0:54  Drone  
  17  0:57  Drone  
  18  1:09  Extractor  
  17  1:12  Spawning Pool  
  17  1:15  Drone  
  17  1:19  Drone  
  18  1:28  Drone  
  19  1:39  Drone  
  20  1:49  Drone  
  21  1:59  Queen x2  
  25  2:01  Drone  
  25  2:02  Zergling x2  
  27  2:11  Overlord  
  27  2:12  Drone  
  27  2:13  Metabolic Boost  
  28  2:29  Drone x2  
  30  2:32  Drone, Zergling x2  
  32  2:38  Hatchery  
  31  2:45  Queen  
  31  2:50  Baneling Nest  
  32  2:56  Overlord  
  32  2:57  Drone  
  33  3:00  Drone  
  34  3:07  Drone x2  
  34  3:12  Overlord  
  36  3:15  Drone x2  
  36  3:18  Drone  
  36  3:19  Drone  
  40  3:27  Overlord  
  40  3:28  Drone x2  
  42  3:34  Evolution Chamber  
  42  3:35  Baneling  
  42  3:36  Drone x2  
  42  3:39  Zergling x2  
  44  3:43  Zergling x4  
  44  3:45  Extractor  
  44  3:48  Zergling x4  
  47  3:49  Baneling  
  47  3:53  Drone x2  
  49  4:01  Baneling x2  
  49  4:04  Lair  
  49  4:05  Drone x4  
  49  4:08  Drone x2  
  55  4:12  Drone x2  
  55  4:17  Drone  
  58  4:19  Drone x3  
  58  4:21  Extractor x2  
  58  4:22  Drone  
  58  4:23  Drone  
  61  4:26  Zerg Melee Weapons Level 1  
  60  4:36  Roach Warren  
  60  4:37  Drone x4  
  63  4:38  Drone  
  64  4:50  Overlord  
  63  4:53  Drone x2  
  63  4:54  Overlord  
  63  4:56  Overlord  
  64  5:06  Baneling x2  
  64  5:07  Zergling x2  
  64  5:08  Overlord  
  64  5:09  Spire, Zergling x10  
  64  5:13  Zergling x4  
  71  5:15  Zergling x4  
  71  5:21  Extractor  
  72  5:22  Baneling x3, Extractor  
  72  5:23  Zergling x6  
  72  5:27  Zergling x6  
  77  5:32  Zergling x6  
  77  5:33  Zergling x2  
  77  5:34  Zergling x4  
  83  5:37  Zergling x4  
  83  5:39  Baneling  
  83  5:40  Baneling  
  83  5:42  Zergling x4  
  75  6:08  Zergling x2  
  64  6:20  Mutalisk x9  
  64  6:21  Zergling x12  
  64  6:24  Zerg Flyer Weapons Level 1  
  88  6:30  Drone  
  89  6:39  Zergling x10  
  95  6:40  Zergling x2  
  92  6:56  Mutalisk x3  
  91  7:02  Zergling x10  
  91  7:08  Mutalisk  
  85  7:09  Zergling x2  
  85  7:13  Zergling x2  
  83  7:19  Mutalisk  
  85  7:26  Baneling x8  
  83  7:30  Zergling x6  
  83  7:35  Zergling x4  
  88  7:41  Mutalisk  
  90  7:46  Zergling x2  
  90  7:47  Overlord  
  90  7:51  Baneling x5  
  90  7:52  Baneling  
  90  8:00  Spine Crawler  
  90  8:01  Spine Crawler  
  90  8:05  Spine Crawler  
  87  8:12  Mutalisk  
  87  8:13  Mutalisk  
  87  8:14  Zergling x2  
  87  8:15  Zergling x6  
  87  8:16  Spine Crawler  
  93  8:21  Spine Crawler  
  93  8:25  Mutalisk  
  94  8:27  Zergling x2  
  94  8:33  Mutalisk  
  97  8:38  Mutalisk  
  99  8:45  Overlord  
  99  8:46  Queen, Spine Crawler  
  100  8:50  Spine Crawler  
  98  9:05  Mutalisk x2  
  98  9:06  Spine Crawler  
  98  9:07  Spine Crawler  
  100  9:11  Mutalisk  
  102  9:21  Spine Crawler  
  101  9:24  Spine Crawler  
  99  9:46  Overlord  
  99  9:47  Overlord  
  99  9:56  Overlord  
  99  10:02  Overlord x2  
  99  10:04  Mutalisk  
  99  10:05  Mutalisk x2  
  102  10:09  Mutalisk  
  104  10:14  Mutalisk  
  104  10:20  Spine Crawler x2  
  88  10:30  Mutalisk x4  
  80  10:46  Mutalisk  
  80  10:47  Zergling x6  

Tags
 
Add a new tag
Caveats
  • Supply blocks, unpowered buildings, or Contaminate may cause inaccurate times.
  • Supply counts are checked every 10 seconds.